 Dungeon Crawl Stone Soup version 0.17.0-9-g801d43b (console) character file.

2909 gw the Basher (level 9, 68/84 HPs)
             Began as a Deep Dwarf Chaos Knight on Nov 9, 2015.
             Quit the game on level 7 of the Dungeon.
             The game lasted 00:11:52 (5768 turns).

gw the Basher (Deep Dwarf Chaos Knight)             Turns: 5768, Time: 00:11:53

Health: 68/84      AC: 20    Str: 17    XL:     9   Next: 49%
Magic:  3/3        EV:  6    Int: 12    God:    Xom [....*.]
Gold:   367        SH:  0    Dex: 15    Spells: 0 memorised, 8 levels left

rFire  . . .     SeeInvis .     b - +0 arbalest
rCold  . . .     Clarity  .     k - +0 plate armour
rNeg   . . .     SustAt   .     (shield currently unavailable)
rPois  .         Gourm    .     (no helmet)
rElec  .         Spirit   .     i - +0 cloak
rCorr  .         Warding  .     e - +2 pair of gloves
rMut   .         Stasis   .     f - +1 pair of boots
MR     +....                    (no amulet)
Stlth  ..........               (no ring)
                                (no ring)

@: non-regenerating, somewhat resistant to hostile enchantments, extremely
unstealthy
A: damage resistance, recharge devices, sense surroundings 2, slow regeneration
3
a: Device Recharging, Renounce Religion


You were on level 7 of the Dungeon.
You worshipped Xom.
You were a beloved toy of Xom.
You were hungry.

You visited 1 branch of the dungeon, and saw 7 of its levels.

You collected 367 gold pieces.

Inventory:

Hand Weapons
 a - a +0 flail
 b - a +0 arbalest (weapon)
Missiles
 g - 7 poisoned bolts (quivered)
 j - 70 bolts
Armour
 e - a +2 pair of gloves (worn)
 f - a +1 pair of boots (worn)
 i - a +0 cloak (worn)
 k - a +0 plate armour (worn)
Wands
 c - a wand of heal wounds (4)
Comestibles
 d - 9 bread rations


   Skills:
 + Level 6.3 Fighting
 * Level 9.4 Maces & Flails
 + Level 4.1 Crossbows
 + Level 7.3 Armour
 - Level 1.1 Dodging


You had 8 spell levels left.
You didn't know any spells.

Dungeon Overview and Level Annotations

Branches:
Dungeon (7/15)             Temple (0/1) D:5

Altars:
Cheibriados
Dithmenos
Elyvilon
Trog
Vehumet
The Shining One


Innate Abilities, Weirdness & Mutations

You are resistant to damage.
You can recharge devices by infusing magical energy.
You passively map the area around you.
You do not regenerate naturally.


Message History

Unknown command.
Unknown command.
Unknown command.
Unknown command.
Unknown command.
Unknown command.
Attempting RANGED ATTACK TO (-2,0) Firing (i - inventory. (,) - cycle):
g - 7 poisoned bolts (quivered)
Press: ? - help, Shift-Dir - straight line, f/p - two-headed ogre
Aim: a two-headed ogre, wielding a giant spiked club and a dire flail Really fire through your white imp?
Okay, then.
Unknown command.
Unknown command.
Unknown command.
Unknown command.
Unknown command.
Unknown command.
Infinite lua loop detected, aborting.
Are you sure you want to abandon this character and quit the game? (Confirm with "yes".)

#.)(..........###
##)##.###.....# #)##.#
###.### ##### #.##.#
*#.#############...# * #.##.#
##.#.##.......>...#.# #.##.#
#.###.#.#########...# *
#.##.# #..#.##.# ##.## *
#)##(###.#.###r### #.# *
#(..........O5g#.## #.#####
###..<.......##.#<## #).....
#..###)##.#..###.### ##...##
#..###...##........# #....#
#..##.....#..###...#####...##
#..##.###..##.#.##)#)#.##.##
#.......#..###)###.'.?.##..#
#.###.#.#..# ### #########)#
#..>.......######## #.#


You could see a two-headed ogre, a friendly porcupine and a friendly white imp
(wandering).

Table legend:
 A = Turns spent in this place as a percentage of turns spent in the entire game.
 B = Non-inter-level travel turns spent in this place as a percentage of non-inter-level travel turns spent in the entire game.
 C = Inter-level travel turns spent in this place as a percentage of turns spent in this place.
 D = Turns resting spent in this place as a percentage of non-inter-level travel turns spent in this place.
 E = Turns spent auto-exploring this place as a percentage of non-inter-level travel turns spent in this place.
 F = Non-inter-level travel turns spent in this place divided by the number of levels of this place that you've seen.
                   A       B       C       D       E      F
               +-------+-------+-------+-------+-------+----------------------
         Total | 100.0 | 100.0 |   0.3 |   0.0 |   1.4 | 2754.6
       Dungeon | 100.0 | 100.0 |   0.3 |   0.0 |   1.4 | 2754.6
               +-------+-------+-------+-------+-------+----------------------

Table legend:
 A = Kills in this place as a percentage of kills in entire the game.
 B = Kills by you in this place as a percentage of kills by you in the entire game.
 C = Kills by friends in this place as a percentage of kills by friends in the entire game.
 D = Other kills in this place as a percentage of other kills in the entire game.
 E = Experience gained in this place as a percentage of experience gained in the entire game.
 F = Experience gained in this place divided by the number of levels of this place that you have seen.
                   A       B       C       D       E      F
               +-------+-------+-------+-------+-------+----------------------
         Total | 100.0 | 100.0 | 100.0 |  -nan | 100.0 | 593.9
       Dungeon | 100.0 | 100.0 | 100.0 |  -nan | 100.0 | 593.9
               +-------+-------+-------+-------+-------+----------------------

Vanquished Creatures
  Sigmund (D:3)
  A spriggan (D:7)
  Edmund (D:4)
  2 orc warriors
  An ice beast (D:5)
  4 ogres
  3 sky beasts
  A necrophage (D:7)
  A phantom (D:5)
  A big kobold (D:7)
  A scorpion (D:6)
  5 killer bees (D:7)
  3 wights (D:7)
  A crimson imp (D:7)
  A quasit (D:6)
  2 hounds
  A giant frog skeleton (D:4)
  4 orc wizards
  A centaur zombie (D:6)
  3 orc priests
  4 iguanas
  Terence (D:3)
  3 worker ants
  A hound zombie (D:5)
  A hound skeleton (D:5)
  3 gnolls (D:5)
  A worker ant zombie (D:6)
  6 adders
  A shadow imp (D:7)
  An adder skeleton (D:7)
  2 worms
  6 giant geckos
  12 orcs
  2 ball pythons (D:1)
  10 goblins
  7 hobgoblins
  6 jackals
  8 kobolds
  4 quokkas
  9 bats
  6 giant cockroaches
  8 giant newts
  A jackal skeleton (D:6)
  A quokka skeleton (D:4)
  8 rats
150 creatures vanquished.

Vanquished Creatures (collateral kills)
  Menkaure (D:7)
  A centaur (D:5)
  An orc priest (D:7)
  An orc (D:7)
4 creatures vanquished.

Vanquished Creatures (others)
  An orc (D:4)
  2 jackals (D:4)
  A quokka (D:7)
4 creatures vanquished.

Grand Total: 158 creatures vanquished

Notes
Turn   | Place    | Note
--------------------------------------------------------------
     0 | D:1      | gw the Deep Dwarf Chaos Knight began the quest for the Orb.
     0 | D:1      | Reached XP level 1. HP: 20/20 MP: 1/1
   207 | D:1      | XOM: butterfly on damage
   216 | D:1      | Reached XP level 2. HP: 20/27 MP: 2/2
   835 | D:2      | Reached XP level 3. HP: 20/33 MP: 3/3
   870 | D:2      | XOM: harmless Summ miscast
  1021 | D:2      | Reached skill level 4 in Maces & Flails
  1138 | D:2      | Reached XP level 4. HP: 39/42 MP: 4/4
  1178 | D:3      | XOM: potion effect (agility)
  1244 | D:3      | XOM: polymorph giant cockroach -> quokka
  1292 | D:3      | Noticed Sigmund
  1298 | D:3      | XOM: summons 4 friendly demons
  1302 | D:3      | Killed Sigmund
  1302 | D:3      | Reached skill level 5 in Maces & Flails
  1302 | D:3      | Reached XP level 5. HP: 46/50 MP: 5/5
  1385 | D:3      | XOM: 3-stop teleportation journey
  1553 | D:3      | Noticed Terence
  1561 | D:3      | Killed Terence
  1561 | D:3      | Reached XP level 6. HP: 44/57 MP: 6/6
  1571 | D:3      | XOM: colour smoke trail
  1860 | D:3      | XOM: harmless Erth miscast
  2099 | D:4      | Found a shadowy altar of Dithmenos.
  2131 | D:4      | Found a glowing golden altar of the Shining One.
  2135 | D:4      | Found a radiant altar of Vehumet.
  2140 | D:4      | Found a bloodstained altar of Trog.
  2195 | D:4      | XOM: enchant monster (bad)
  2402 | D:4      | Noticed Edmund
  2417 | D:4      | XOM: 3-stop teleportation journey
  2454 | D:4      | XOM: noise
  2470 | D:4      | XOM: torment (20/57 hp)
  2476 | D:4      | XOM: enchant monster (bad)
  2489 | D:4      | XOM: destruction
  2494 | D:4      | Killed Edmund
  2494 | D:4      | Reached skill level 6 in Maces & Flails
  2494 | D:4      | Reached XP level 7. HP: 37/64 MP: 7/7
  2662 | D:5      | Entered Level 5 of the Dungeon
  2672 | D:5      | XOM: confusion
  2682 | D:5      | HP: 1/64 [ogre/giant club (9)]
  2729 | D:5      | Reached skill level 5 in Armour
  2793 | D:5      | Found a staircase to the Ecumenical Temple.
  2827 | D:5      | XOM: harmless Conj miscast
  2839 | D:5      | XOM: polymorph gnoll -> rat
  2871 | D:5      | Reached skill level 7 in Maces & Flails
  2932 | D:5      | Reached XP level 8. HP: 40/73 MP: 6/6
  3046 | D:5      | XOM: divination: magic mapping
  3130 | D:5      | XOM: noise
  3190 | D:5      | XOM: summons 4 friendly demons
  3225 | D:5      | Reached skill level 5 in Fighting
  3250 | D:5      | XOM: medium Pois miscast
  3294 | D:5      | Found a snail-covered altar of Cheibriados.
  3375 | D:5      | XOM is BORED!
  3375 | D:5      | XOM: mild Divn miscast
  3804 | D:5      | XOM: summons 6 friendly demons
  3812 | D:5      | Reached skill level 1 in Crossbows
  3904 | D:5      | XOM: noise
  4211 | D:6      | XOM: polymorph crimson imp -> quasit
  4237 | D:6      | XOM: noise
  4533 | D:6      | XOM: silly message
  4550 | D:6      | XOM: noise
  4553 | D:6      | Reached skill level 8 in Maces & Flails
  5143 | D:6      | XOM: noise
  5229 | D:7      | Noticed Menkaure
  5231 | D:7      | XOM: summons friendly iron imp
  5246 | D:7      | Killed Menkaure
  5275 | D:7      | Gained mutation: You passively map the area around you. [Deep Dwarf growth]
  5275 | D:7      | Reached XP level 9. HP: 58/82 MP: 5/5
  5297 | D:7      | XOM: enchant monster (bad)
  5309 | D:7      | XOM: confusion
  5316 | D:7      | XOM: potion effect (haste)
  5317 | D:7      | XOM: potion effect (curing)
  5328 | D:7      | XOM: blink monster(s)
  5380 | D:7      | Found a white marble altar of Elyvilon.
  5413 | D:7      | XOM: enchant monster (bad)
  5414 | D:7      | XOM: potion effect (berserk rage)
  5427 | D:7      | Reached skill level 9 in Maces & Flails
  5717 | D:7      | XOM: mild Chrm miscast
  5741 | D:7      | XOM: polymorph orc warrior -> porcupine
  5747 | D:7      | XOM: enchant monster (good)
  5766 | D:7      | Noticed a two-headed ogre
  5767 | D:7      | XOM: summons friendly white imp
  5768 | D:7      | Quit the game

Action                   |  1- 3 |  4- 6 |  7- 9 || total
-------------------------+-------+-------+-------++-------
Melee: Mace              |   113 |    57 |       ||   170
       Flail             |       |   106 |   479 ||   585
 Fire: Arbalest          |       |       |    36 ||    36
 Abil: Device Recharging |       |       |     6 ||     6
Evoke: Wand              |     1 |     1 |    19 ||    21
 Stab: Confused          |     2 |       |       ||     2
       Paralysed         |       |     1 |       ||     1
       Distracted        |       |       |     1 ||     1
  Eat: Chunk             |     1 |     5 |    12 ||    18

Vault maps used:
D:1:      shiori_shiawase
D:2:      first_bread
D:3:      uniq_terence, uniq_sigmund
D:4:      overflow_temple_1_default, minmay_overflow_temple_star_quad,
          uniq_edmund
D:5:      lemuel_doored_altar, minmay_temple_entry_hall, st_stairs_7
D:7:      gammafunk_temple_overflow_claw, the_bakery, elyvilon_altar_4,
          uniq_menkaure
